 Dungeon Crawl Stone Soup version 0.29.0-4-gdea44cf6ec (webtiles) character file.

Game seed: 15685659831050878243

198 qw the Chopper (level 5, -1/30 HPs)
             Began as a Tengu Warper on Aug 28, 2022.
             Slain by an iron imp (3 damage)
             ... summoned by Eustachio
             ... on level 4 of the Dungeon.
             The game lasted 00:00:20 (4052 turns).

qw the Chopper (Tengu Warper)                       Turns: 4052, Time: 00:00:20

Health: -1/30      AC: 12    Str: 13    XL:     5   Next: 77%
Magic:  9/9        EV:  4    Int: 13    God:
Gold:   124        SH:  4    Dex: 14    Spells: 8/8 levels left

rFire   . . .      SeeInvis .   Y - +1 hand axe
rCold   . . .      Faith    .   i - +0 buckler
rNeg    . . .      Spirit   .   d - +0 plate armour
rPois   .          Reflect  .   h - +1 hat of the Fife {Rampage}
rElec   .          Harm     .   (no cloak)
rCorr   .          Rampage  +   f - +0 pair of gloves
Will    .....                   (boots unavailable)
Stlth   ..........              (no amulet)
HPRegen 0.10/turn               (no ring)
MPRegen 0.11/turn               (no ring)

@: flying quickly and evasively, quick
A: beak, talons 3, nimble flight
a: no special abilities


You were on level 4 of the Dungeon.
You visited 1 branch of the dungeon, and saw 4 of its levels.

You collected 124 gold pieces.


Innate Abilities, Weirdness & Mutations

You have a beak for a mouth.
You have claws for feet.
Your magical nature lets you fly swiftly and evasively.


   Skills:
 - Level 2.0 Fighting
 + Level 5.9 Axes
 - Level 1.0 Throwing
 - Level 2.0 Armour
 - Level 2.1 Dodging
 - Level 1.0 Shields
 - Level 2.0 Spellcasting
 - Level 2.4 Translocations


You had 8 spell levels left.
You didn't know any spells.
Your spell library contained the following spells:

 Spells                   Type           Power      Damage    Failure   Level
 Blink                    Tloc           14%        N/A       100%        2
 Gell's Gravitas          Tloc           7%         N/A       100%        3
 Lesser Beckoning         Tloc           7%         N/A       100%        3
 Teleport Other           Tloc           7%         N/A       100%        3
 Manifold Assault         Tloc           7%         N/A       100%        5

Inventory:

Hand Weapons
 n - a +0 flail
 Y - a +1 hand axe (weapon)
Missiles
 c - 3 boomerangs (quivered)
Armour
 d - a +0 plate armour (worn)
 f - a +0 pair of gloves (worn)
 h - the +1 hat of the Fife (worn) {Rampage}
   (You acquired it on level 3 of the Dungeon)

   Rampage:   It bestows one free step when moving towards enemies.
 i - a +0 buckler (worn)
Potions
 a - a potion of flight {unknown}
 b - a potion of resistance {unknown}
 e - a potion of attraction {unknown}
 g - 2 potions of might
 j - a potion of heal wounds {unknown}
 l - a potion of brilliance {unknown}

Dungeon Overview and Level Annotations

Branches:
Dungeon (4/15)
 Temple: D:4-7

Altars:

Shops:
D:1 [

Annotations:
D:3 1 runed translucent door, Crazy Yiuf
D:4 Eustachio


Message History

Eustachio is moderately wounded.
You hit the ufetubus but do no damage. You hit the iron imp but do no damage.
The ufetubus hits you but does no damage. x2
The iron imp hits you.
Eustachio gestures wildly while chanting.
You block the ufetubus's attack. The ufetubus hits you.
You hit Eustachio but do no damage. You claw Eustachio.
Your peck misses Eustachio.
Eustachio is moderately wounded.
You hit the quokka. You hit the ufetubus.
You hit the iron imp but do no damage. Eustachio barely misses you.
The ufetubus hits you but does no damage.
The ufetubus barely misses you.
The iron imp hits you but does no damage.
You block the quokka's attack.
You closely miss the ufetubus. Your kick misses the ufetubus.
Your peck misses the ufetubus.
The ufetubus is almost dead.
You closely miss Eustachio. You closely miss the quokka.
You hit the iron imp but do no damage.
The ufetubus hits you but does no damage.
The ufetubus hits you.
Eustachio gestures wildly while chanting.
You block the quokka's attack. You block the iron imp's attack.
The ufetubus hits you but does no damage. x2
You barely miss the ufetubus.
The ufetubus is almost dead.
You closely miss Eustachio. You hit the quokka but do no damage.
You completely miss the iron imp.
The quokka disappears in a puff of smoke!
Eustachio hits you but does no damage.
The ufetubus hits you but does no damage.
The ufetubus barely misses you. The iron imp hits you.
Eustachio hits you but does no damage.
You closely miss the ufetubus. You claw the ufetubus.
You kill the ufetubus!
The ufetubus disappears in a puff of smoke!
You hit Eustachio. You hit the iron imp. The iron imp hits you.
You die...

.# .##.S.# # ... .#.#.# #
##.# ..#.. # ...# #.#$# #
..#...#..r# #
#...#.#.#.## #
#.##...#..######### #
#r#.#........#####
##.##@@b#......>.'....
......ยค5#b#........##...
##.###.##r%........##...
........#........##...
##.###.##........#####
... .............# ###
####..........#
#..........# #..........#


You could see Eustachio, an iron imp (summoned), a river rat (summoned), a
quokka (summoned) and 2 bats.

Vanquished Creatures
  A necrophage (D:4)
  3 adders
  4 worms
  A dart slug (D:2)
  8 orcs
  9 ball pythons
  9 endoplasms
  5 giant cockroaches
  4 goblins
  3 hobgoblins
  12 jackals
  7 kobolds
  2 quokkas
  3 bats
  4 frilled lizards
  4 rats
79 creatures vanquished.

Notes
Turn   | Place    | Note
-------+----------+-------------------------------------------
     0 | D:1      | qw the Tengu Warper began the quest for the Orb.
     0 | D:1      | Reached XP level 1. HP: 12/12 MP: 4/4
     0 | D:1      | 0 ||| qw: Version: 0.1-a-89-g26bdef1
     0 | D:1      | 0 ||| qw: Game counter: 46
     0 | D:1      | 0 ||| qw: Always use a shield: true
     0 | D:1      | 0 ||| qw: God list: Okawaru
     0 | D:1      | 0 ||| qw: Allow faded altars: false
     0 | D:1      | 0 ||| qw: Do Orc after D:15 true
     0 | D:1      | 0 ||| qw: Do second Lair branch before Depths: true
     0 | D:1      | 0 ||| qw: Lair rune preference: random
     0 | D:1      | 0 ||| qw: Plans: Normal
     0 | D:1      | 0 ||| PLANNING D:1-11
   115 | D:1      | Reached XP level 2. HP: 12/17 MP: 6/6
   117 | D:1      | Reached skill level 3 in Axes
   430 | D:1      | 430 ||| Stepping ~*~*~tactically~*~*~ (stealth).
   695 | D:1      | Found Paheoc's Antique Armour Emporium.
   706 | D:1      | 706 ||| SHOPLISTING chain mail (144 gold, have 34).
   706 | D:1      | 706 ||| SHOPLISTING runed cloak (240 gold, have 34).
   706 | D:1      | 706 ||| SHOPLISTING shiny chain mail (240 gold, have 34).
  1101 | D:1      | 1101 ||| UPGRADING to +0 pair of gloves.
  1106 | D:1      | 1106 ||| UPGRADING to +0 ring mail.
  1116 | D:1      | 1116 ||| DROPPING +0 leather armour.
  1117 | D:1      | 1117 ||| READING 3 scrolls labelled LARUS NAVUTZ.
  1118 | D:1      | 1118 ||| READING 3 scrolls labelled QEAWKO XATOTOCI.
  1245 | D:1      | 1245 ||| READING scroll labelled DEOBBI NAASTOA.
  1246 | D:1      | 1246 ||| DRINKING 2 fizzy black potions.
  1247 | D:1      | 1247 ||| DROPPING 2 scrolls of vulnerability.
  1248 | D:1      | 1248 ||| DROPPING scroll of blinking.
  1249 | D:1      | 1249 ||| DROPPING 2 scrolls of torment.
  1278 | D:2      | 1278 ||| STAIRDANCE
  1293 | D:2      | Reached XP level 3. HP: 21/21 MP: 7/7
  1305 | D:2      | 1305 ||| Stepping ~*~*~tactically~*~*~ (stealth).
  1395 | D:2      | Reached skill level 4 in Axes
  1610 | D:2      | 1610 ||| FLEEEEING.
  1611 | D:2      | 1611 ||| FLEEEEING.
  1612 | D:2      | 1612 ||| FLEEEEING.
  1613 | D:2      | 1613 ||| FLEEEEING.
  2062 | D:2      | Reached XP level 4. HP: 24/26 MP: 8/8
  2811 | D:2      | 2811 ||| UPGRADING to +0 plate armour.
  2821 | D:2      | 2821 ||| UPGRADING to +0 buckler.
  2826 | D:2      | 2826 ||| DROPPING +0 ring mail.
  2827 | D:2      | 2827 ||| READING scroll labelled JIYSTE RICE.
  2869 | D:3      | 2869 ||| Stepping ~*~*~tactically~*~*~ (stealth).
  2887 | D:3      | 2887 ||| Stepping ~*~*~tactically~*~*~ (stealth).
  3151 | D:3      | 3151 ||| Stepping ~*~*~tactically~*~*~ (stealth).
  3163 | D:3      | Reached skill level 1 in Shields
  3167 | D:3      | Found a faded altar of an unknown god.
  3273 | D:3      | 3273 ||| Stepping ~*~*~tactically~*~*~ (stealth).
  3357 | D:3      | 3357 ||| DROPPING +0 mace.
  3497 | D:3      | Reached skill level 5 in Axes
  3497 | D:3      | Gained mutation: Your magical nature lets you fly swiftly
                  | and evasively. [Tengu growth]
  3497 | D:3      | Reached XP level 5. HP: 29/30 MP: 9/9
  3579 | D:3      | Found a runed translucent door.
  3580 | D:3      | Noticed Crazy Yiuf
  3793 | D:3      | 3793 ||| READING scroll labelled VOUTIL JUXZICK.
  3793 | D:3      | Identified a scroll of acquirement
  3793 | D:3      | 3793 ||| ACQUIRING +1 hat of the Fife {Rampage}
  3793 | D:3      | Acquired the +1 hat of the Fife {Rampage}
  3795 | D:3      | 3795 ||| UPGRADING to +1 hat of the Fife {Rampage}.
  3800 | D:3      | 3800 ||| READING scroll labelled SIAQYZ ANIDD.
  3801 | D:3      | 3801 ||| READING scroll labelled ZATOIS QUNO.
  3943 | D:4      | 3943 ||| Stepping ~*~*~tactically~*~*~ (stealth).
  4001 | D:4      | 4001 ||| Stepping randomly (stuck).
  4010 | D:4      | 4010 ||| Stepping ~*~*~tactically~*~*~ (stealth).
  4013 | D:4      | 4013 ||| Stepping ~*~*~tactically~*~*~ (stealth).
  4014 | D:4      | 4014 ||| Stepping ~*~*~tactically~*~*~ (stealth).
  4017 | D:4      | 4017 ||| Stepping ~*~*~tactically~*~*~ (stealth).
  4028 | D:4      | 4028 ||| Stepping ~*~*~tactically~*~*~ (stealth).
  4029 | D:4      | Noticed Eustachio
  4030 | D:4      | 4030 ||| Stepping ~*~*~tactically~*~*~ (stealth).
  4032 | D:4      | 4032 ||| Stepping ~*~*~tactically~*~*~ (stealth).
  4034 | D:4      | 4034 ||| Stepping ~*~*~tactically~*~*~ (stealth).
  4036 | D:4      | 4036 ||| Stepping ~*~*~tactically~*~*~ (stealth).
  4037 | D:4      | 4037 ||| Stepping ~*~*~tactically~*~*~ (stealth).
  4050 | D:4      | HP: 6/30 [ufetubus[Eustachio] (4)]
  4051 | D:4      | HP: 2/30 [iron imp[Eustachio] (4)]
  4052 | D:4      | Slain by an iron imp

Levels and vault maps discovered:
D:1:      dpeg_arrival_simpleton_c, layout_loops_corners, serial_shops,
          nicolae_lakefront_shop, serial_park_tiny_2
D:2:      layout_loops_ring, grunt_ministairs_14
D:3:      layout_basic, hellmonk_ecumenical_altar_run_dry,
          uniq_crazy_yiuf_cottage
D:4:      due_chaos_kobolds, layout_basic, mainiacjoe_overflow_six_doors_small,
          lemuel_crystal_altar, mainiacjoe_overflow_big_doors,
          nicolae_concentric_dashed_squares_wild, uniq_menkaure, uniq_eustachio

Skill      XL: |  1  2  3  4 |
---------------+-------------+-----
Axes           | 3 4 5 |  5.9
Shields        | 1 |  1.0
Armour         | 2 |  2.0
Fighting       | |  2.0
Throwing       | |  1.0
Dodging        | |  2.1
Spellcasting   | |  2.0
Translocations | |  2.4

Action                   |  1- 3 |  4- 6 || total
-------------------------+-------+-------++-------
Melee: Hand axe          |    83 |   122 ||   205
       Kick              |    24 |    32 ||    56
       Peck              |     8 |    24 ||    32
Throw: Boomerang         |     7 |    44 ||    51
  Use: Scroll            |     3 |     4 ||     7
       Potion            |     1 |       ||     1
Armor: Leather armour    |     5 |       ||     5
       Ring mail         |    22 |    12 ||    34
       Plate armour      |       |    56 ||    56
Dodge: Dodged            |    40 |    24 ||    64
Block: Buckler           |       |    11 ||    11

Table legend:
 A = Non-vault XP
 B = Vault XP
 C = Vault XP percentage of total XP
 D = Non-vault monster count
 E = Vault monster count
 F = Vault count percentage of total count
                 A         B        C        D         E       F
            +---------+---------+-------+---------+---------+-------
      Total |     282 |       2 |   0.7 |      77 |       2 |   2.5
            +---------+---------+-------+---------+---------+-------
        D:1 |      29 |       0 |   0.0 |      17 |       0 |   0.0
        D:2 |      81 |       2 |   2.4 |      27 |       2 |   6.9
        D:3 |      55 |       0 |   0.0 |      25 |       0 |   0.0
        D:4 |     117 |       0 |   0.0 |       8 |       0 |   0.0
            +---------+---------+-------+---------+---------+-------
